 Dungeon Crawl Stone Soup version 0.20-a0-866-gd9c272e (webtiles) character file.

154 BEXA the Magician (level 5, -1/38 HPs)
             Began as a Draconian Summoner on Mar 12, 2017.
             Shot with an arrow by a centaur (7 damage)
             ... on level 6 of the Dungeon.
             The game lasted 00:10:50 (2403 turns).

BEXA the Magician (Draconian Summoner)              Turns: 2403, Time: 00:10:52

Health: -1/38      AC:  5    Str: 10    XL:     5   Next: 13%
Magic:  9/12       EV: 12    Int: 16    God:
Gold:   201        SH:  0    Dex: 12    Spells: 8/13 levels left

rFire    . . .     SeeInvis .   s - +2 short sword (venom)
rCold    . . .     Gourm    .   (armour unavailable)
rNeg     . . .     Faith    .   (no shield)
rPois    .         Spirit   .   (helmet restricted)
rElec    .         Reflect  .   (no cloak)
rCorr    .         Harm     .   (no gloves)
MR       .....                  (no boots)
Stlth    ++........             (no amulet)
Regen    0.2/turn               (no ring)
MPRegen  0.2/turn               (no ring)

@: no status effects
A: unfitting armour, cold-blooded, AC +5
a: no special abilities


You were on level 6 of the Dungeon.
You were hungry.

You visited 1 branch of the dungeon, and saw 4 of its levels.

You collected 201 gold pieces.

Inventory:

Hand Weapons
 s - a +2 short sword of venom (weapon)
Missiles
 k - 40 arrows
Scrolls
 e - a scroll of fear {unknown}
 f - a scroll of recharging {unknown}
 g - a scroll of amnesia {unknown}
 j - a scroll of fog {unknown}
 m - a scroll of blinking {unknown}
 o - 2 scrolls of teleportation {unknown}
 q - a scroll of identify {unknown}
 t - a scroll of remove curse {unknown}
Potions
 c - 4 potions of curing {unknown}
 d - a potion of magic {unknown}
 h - a potion of flight {unknown}
 i - 3 potions of haste {unknown}
 l - a potion of mutation {unknown}
 n - a potion of might {unknown}
 u - a potion of brilliance {unknown}
Books
 a - a book of Callings

   Spells                             Type                      Level
   a - Summon Small Mammal            Summoning                    1
   b - Call Imp                       Summoning                    2
   c - Call Canine Familiar           Summoning                    3
   d - Summon Guardian Golem          Hexes/Summoning              3
   e - Summon Lightning Spire         Summoning/Air                4
   f - Summon Ice Beast               Ice/Summoning                4
Comestibles
 b - 2 bread rations
 p - a royal jelly
 r - 2 meat rations


   Skills:
 - Level 1.7 Dodging
 - Level 1.7 Stealth
 - Level 4.6 Spellcasting
 - Level 4.0 Summonings
 + Level 1.5 Air Magic


You had 8 spell levels left.
You knew the following spells:

 Your Spells              Type           Power        Failure   Level  Hunger
a - Summon Small Mammal   Summ           ###.         3%          1    None
b - Summon Lightning Spi  Summ/Air       ##......     63%         4    ####...


Dungeon Overview and Level Annotations

Branches:
Dungeon (3/15)

Altars:
Ashenzari
Cheibriados
Yredelemnul


Innate Abilities, Weirdness & Mutations

Your plain brown scales are hard. (AC +5)
You cannot fit into any form of body armour.
You are cold-blooded and may be slowed by cold attacks.


Message History

The centaur shoots an arrow.
The arrow closely misses your rat. The arrow hits you!
There is an open door here.
You see here an arrow.
You swap places.
The centaur unwields an uncursed shortbow.
The centaur hits you!
* * * LOW HITPOINT WARNING * * *
You hit the centaur.
The centaur is poisoned.
You tail-slap the centaur.
The centaur is moderately wounded.
The centaur hits you but does no damage.
Your bat barely misses the centaur.
Your rat bites the centaur.
You swap places.
Your bat hits the centaur but does no damage. x2
The centaur wields an uncursed shortbow.
The centaur shoots an arrow.
The arrow hits your quokka.
Your quokka closely misses the centaur.
Your bat hits the centaur.
The centaur shoots an arrow.
The arrow barely misses your quokka. The arrow hits you!
You die...

#..##..##.......#
#......##...##..#
#......##...###+###
#................).
#..................
#..##..##..........
#..######..........
#..(#b..#..........
#..(@rc##...#....##
#...#r.########..#
#...#...# ..#
#...#...# #...#...#
#...#...# #...#...#
#...#...# #...#


You could see a centaur, a friendly quokka, a friendly bat and a friendly rat.

Vanquished Creatures
  2 crimson imps (D:6)
  A hound (D:6)
  2 adders (D:2)
  A worm (D:2)
  2 leopard geckos (D:1)
  6 goblins
  5 hobgoblins
  A quokka (D:3)
  A ball python (D:3)
  5 bats
  2 frilled lizards
  5 kobolds (D:2)
  3 rats
36 creatures vanquished.

Vanquished Creatures (collateral kills)
  A worm (D:2)
  A giant cockroach (D:1)
  3 hobgoblins (D:1)
  3 kobolds
  A bat (D:1)
  A frilled lizard (D:2)
  2 rats (D:1)
12 creatures vanquished.

Grand Total: 48 creatures vanquished

Notes
Turn   | Place    | Note
-------+----------+-------------------------------------------
     0 | D:1      | BEXA the Draconian Summoner began the quest for the Orb.
     0 | D:1      | Reached XP level 1. HP: 14/14 MP: 3/3
   287 | D:1      | Reached XP level 2. HP: 16/20 MP: 0/5
  1242 | D:2      | Found a basalt altar of Yredelemnul.
  1339 | D:2      | Reached XP level 3. HP: 24/26 MP: 7/7
  1529 | D:2      | Found a snail-covered altar of Cheibriados.
  2082 | D:3      | Found a shattered altar of Ashenzari.
  2091 | D:3      | You fall through a shaft for 3 floors!
  2102 | D:6      | Reached XP level 4. HP: 30/33 MP: 7/10
  2121 | D:6      | Learned a level 4 spell: Summon Lightning Spire
  2298 | D:6      | Reached skill level 1 in Air Magic
  2298 | D:6      | Reached XP level 5. HP: 27/38 MP: 10/12
  2393 | D:6      | Noticed a centaur
  2403 | D:6      | Shot with an arrow by a centaur

Vault maps used:
D:1:      minmay_arrival_glassed_features
D:2:      minmay_kobold_bridge, cheibriados_altar_1, old_standard_altar,
          roderic_lattice_a
D:3:      lemuel_crystal_altar, grunt_qazlal_sundering
D:6:      minitemple, zin_treasury

Skill      XL: |  1  2  3  4 |
---------------+-------------+-----
Spellcasting   | 3 4 |  4.6
Air Magic      | 1 |  1.5
Dodging        | |  1.7
Stealth        | |  1.7
Summonings     | |  4.0

Action                   |  1- 3 |  4- 6 || total
-------------------------+-------+-------++-------
Melee: Club              |    24 |       ||    24
       Unarmed           |     7 |       ||     7
       Tailslap          |    10 |     1 ||    11
       Short sword       |    76 |    23 ||    99
 Cast: Summon Small Mamm |    49 |     7 ||    56
 Stab: Sleeping          |     2 |       ||     2
       Distracted        |     1 |       ||     1
  Eat: Chunk             |     4 |       ||     4
Armor: Skin              |    32 |     5 ||    37
Dodge: Dodged            |    86 |    12 ||    98
